[Event "Titled Tuesday Blitz December 13 Early 2022"]
[White "Haddouche, Mohamed"]
[Black "Donskov, Anatoly"]
[WhiteFideId "7900660"]
[BlackFideId "24143413"]
[WhiteElo "2443"]
[BlackElo "2219"]
[Result "1-0"]
[Round "10"]
[TimeControl "180+1"]
[Date "2022.12.14"]
[WhiteClock "0:00:03"]
[BlackClock "0:00:01"]

1. e4 c5 2. Nf3 e6 3. Nc3 Nc6 4. d4 cxd4 5. Nxd4 Nf6 6. a3 d6 7. Be3 Be7 8. Be2 Qc7 9. O-O O-O 10. f4 a6 11. Qe1 Nxd4 12. Bxd4 e5 13. Be3 exf4 14. Rxf4 Be6 15. Qg3 Nd7 16. Bd4 Ne5 17. Raf1 b5 18. Kh1 Rab8 19. Bd3 Rbe8 20. Nd1 Ng6 21. R4f2 Bh4 22. Qe3 Bxf2 23. Qxf2 Ne5 24. Qg3 Qd7 25. Ne3 g6 26. a4 bxa4 27. Bxa6 f6 28. h3 Qc6 29. Bd3 Qd7 30. Qe1 Kg7 31. Qe2 Rc8 32. Ra1 Qc6 33. Rf1 Bc4 34. Qd2 Bxd3 35. cxd3 Qb7 36. Nd5 Rf7 37. Bc3 Qc6 38. Qe3 Re8 39. Qg3 Nd7 40. Rf2 Nb6 41. Nf4 Qd7 42. Nh5+ 1-0


[Site "https://www.chess.com"]

[Event "Titled Tuesday Blitz December 13 Early 2022"]
[White "Ibarra Jerez, Jose Carlos"]
[Black "Tomaszewski, Kacper"]
[WhiteFideId "2226332"]
[BlackFideId "1127373"]
[WhiteElo "2874"]
[BlackElo "2468"]
[Result "1-0"]
[Round "10"]
[TimeControl "180+1"]
[Date "2022.12.14"]
[WhiteClock "0:01:05"]
[BlackClock "0:00:06"]

1. e4 c6 2. Nf3 d5 3. d3 dxe4 4. dxe4 Qxd1+ 5. Kxd1 Nd7 6. Bc4 Ngf6 7. Nfd2 Ne5 8. Bb3 Nfg4 9. Ke2 f5 10. f3 Nf6 11. exf5 Bxf5 12. Re1 O-O-O 13. Nc3 Ng6 14. Nc4 e5 15. Be3 Bb4 16. Bxa7 b5 17. Ne3 Nf4+ 18. Kf2 Bg6 19. Red1 Kb7 20. g3 Nh3+ 21. Kg2 Ng5 22. h4 Nxf3 23. Kxf3 Kxa7 24. a4 Rxd1 25. Ncxd1 Kb6 26. axb5 cxb5 27. Nf2 Bc5 28. Re1 Rf8 29. Kg2 Ne4 30. Nd5+ Kc6 31. Nxe4 Bxe4+ 32. Rxe4 Rf2+ 33. Kh3 h5 34. Rxe5 g6 35. Re6+ Kb7 36. Rxg6 Rd2 37. Nf4 Bg1 38. Nxh5 1-0


[Site "https://www.chess.com"]

[Event "Titled Tuesday Blitz December 13 Early 2022"]
[White "Iskusnyh, Sergei"]
[Black "Chernomordik, Pavel"]
[WhiteFideId "4120027"]
[BlackFideId "2804530"]
[WhiteElo "2492"]
[BlackElo "2193"]
[Result "1-0"]
[Round "10"]
[TimeControl "180+1"]
[Date "2022.12.14"]
[WhiteClock "0:00:25"]
[BlackClock "0:00:04"]

1. d4 g6 2. c4 Bg7 3. Nf3 d6 4. g3 Nf6 5. Bg2 O-O 6. Nc3 c6 7. O-O a6 8. e4 Nfd7 9. Be3 b5 10. Qe2 bxc4 11. Qxc4 a5 12. Rfd1 Ba6 13. Qa4 Nb6 14. Qc2 Nc4 15. Bg5 h6 16. Bc1 Nd7 17. b3 Ncb6 18. Be3 Rc8 19. Rac1 Qc7 20. Qd2 Kh7 21. Nd5 Qd8 22. Nf4 a4 23. e5 axb3 24. axb3 Nd5 25. Nxd5 cxd5 26. exd6 exd6 27. Rxc8 Bxc8 28. Qb4 Nf6 29. Bf4 Ne4 30. Nd2 Bf5 31. Nxe4 Bxe4 32. Qxd6 Qa5 33. Be5 Bxg2 34. Kxg2 f6 35. Bf4 Qb5 36. Rc1 Qxb3 37. Rc7 Rg8 38. Qxf6 Qd3 39. Re7 Kh8 40. Rxg7 Rxg7 41. Bxh6 Qe4+ 42. Kh3 Qf5+ 43. Qxf5 gxf5 44. Bxg7+ Kxg7 45. Kh4 Kg6 46. f4 Kh6 47. h3 Kg6 48. g4 1-0


[Site "https://www.chess.com"]

[Event "Titled Tuesday Blitz December 13 Early 2022"]
[White "Jakubowska, Anna"]
[Black "Hartikainen, Jarmo"]
[WhiteFideId "1121952"]
[BlackFideId "503134"]
[WhiteElo "2001"]
[BlackElo "2216"]
[Result "1/2-1/2"]
[Round "10"]
[TimeControl "180+1"]
[Date "2022.12.14"]
[WhiteClock "0:00:11"]
[BlackClock "0:00:05"]

1. e4 c5 2. Nf3 d6 3. d4 cxd4 4. Nxd4 Nf6 5. Nc3 Nc6 6. Bg5 e6 7. f3 a6 8. Qd2 Bd7 9. O-O-O b5 10. h4 Na5 11. g4 Nc4 12. Bxc4 bxc4 13. f4 Qb6 14. e5 Rb8 15. b3 Nxg4 16. Kb1 d5 17. f5 Bb4 18. fxe6 Bxe6 19. Nxe6 fxe6 20. Qf4 Bxc3 21. Qxg4 O-O 22. Bf6 Rf7 23. Rhg1 Rbb7 24. Qg5 Qa5 25. Bxg7 Rxg7 26. Qf6 Rf7 27. Qxe6 Qa3 28. Rxg7+ Kxg7 29. Rg1+ Kf8 30. Qc8+ Ke7 31. Qc7+ Ke6 32. Qc6+ Ke7 33. Qc7+ Ke6 34. Qc8+ Ke7 35. Qc7+ 1/2-1/2


[Site "https://www.chess.com"]

[Event "Titled Tuesday Blitz December 13 Early 2022"]
[White "Kamsky, Gata"]
[Black "Andreikin, Dmitry"]
[WhiteFideId "2000024"]
[BlackFideId "4158814"]
[WhiteElo "2666"]
[BlackElo "2735"]
[Result "1-0"]
[Round "10"]
[TimeControl "180+1"]
[Date "2022.12.13"]
[WhiteClock "0:00:16"]
[BlackClock "0:00:02"]

1. e4 g6 2. d4 Bg7 3. c4 e6 4. Nc3 Ne7 5. h4 d5 6. e5 c5 7. Nf3 cxd4 8. Nb5 O-O 9. h5 Nbc6 10. Bf4 Qa5+ 11. Qd2 Qxd2+ 12. Kxd2 Rd8 13. c5 b6 14. Rc1 Rb8 15. b3 gxh5 16. Rxh5 Ng6 17. Bg3 Ba6 18. Nxa7 Bxf1 19. Nxc6 Bxg2 20. Nfxd4 bxc5 21. Nxb8 cxd4 22. Nc6 Ra8 23. a4 Bf3 24. Rch1 Rc8 25. Nxd4 Bxh1 26. Rxh1 Nxe5 27. Nb5 d4 28. Bxe5 Bxe5 29. Kd3 Kg7 30. b4 Kg6 31. a5 Rb8 32. Kc4 Rc8+ 33. Kb3 Rb8 34. Na7 Bd6 35. Nc6 Rb5 36. Ka4 Rf5 37. a6 Rxf2 38. Ra1 1-0


[Site "https://www.chess.com"]

[Event "Titled Tuesday Blitz December 13 Early 2022"]
[White "Keymer, Vincent"]
[Black "Papasimakopoulos, Alexandros"]
[WhiteFideId "12940690"]
[BlackFideId "4244125"]
[WhiteElo "2600"]
[BlackElo "2384"]
[Result "1-0"]
[Round "10"]
[TimeControl "180+1"]
[Date "2022.12.13"]
[WhiteClock "0:00:04"]
[BlackClock "0:00:04"]

1. Nf3 d5 2. e3 Bg4 3. c4 c6 4. h3 Bh5 5. Qb3 Qb6 6. cxd5 Qxb3 7. axb3 Bxf3 8. gxf3 cxd5 9. Nc3 Nf6 10. d4 Nc6 11. Bb5 e6 12. Bd2 Kd7 13. Ke2 Bd6 14. Rhc1 Rhc8 15. Na4 Ke7 16. Nc5 Bxc5 17. Rxc5 Nd7 18. Rcc1 a6 19. Bd3 g6 20. b4 Na7 21. e4 Nb6 22. Bg5+ Kd7 23. Rc5 Nc6 24. Rac1 Nxb4 25. Bb1 Nc4 26. exd5 exd5 27. b3 Rxc5 28. dxc5 Re8+ 29. Kf1 Na3 30. Bd2 Nc6 31. Bd3 Nb5 32. f4 Nbd4 33. Rb1 f5 34. b4 Nb5 35. Kg2 Nc7 36. h4 Nd4 37. h5 gxh5 38. Rh1 Rg8+ 39. Kf1 Nce6 40. Rxh5 Rg7 41. Bxf5 Nxf5 42. Rxf5 Kc6 43. Rf6 Kd7 44. f5 Nd4 45. Rd6+ Kc8 46. Rxd5 Nf3 47. Bc3 Rf7 48. f6 h6 49. Rh5 Rh7 50. Ke2 Ng5 51. f3 Kd7 52. Bd2 Nf7 53. Bc3 Ke6 54. f4 Rh8 55. Kf3 Rg8 56. Rh3 Rg1 57. Ke4 Rc1 58. Rd3 Nh8 59. f5+ Kf7 60. Rd7+ Ke8 61. Re7+ Kf8 62. Rxb7 Rxc3 63. Rb8+ Kf7 64. Rxh8 Rc4+ 65. Ke5 Rxb4 66. Rh7+ Kf8 67. c6 Rc4 68. Kd6 Rd4+ 69. Kc5 Rd3 70. c7 a5 71. c8=Q+ Rd8 72. Qxd8# 1-0


[Site "https://www.chess.com"]

[Event "Titled Tuesday Blitz December 13 Early 2022"]
[White "Khoroshev, Nikita"]
[Black "Zhalmakhanov, Ramazan"]
[WhiteFideId "14200287"]
[BlackFideId "13706357"]
[WhiteElo "2354"]
[BlackElo "2432"]
[Result "0-1"]
[Round "10"]
[TimeControl "180+1"]
[Date "2022.12.13"]
[WhiteClock "0:01:53"]
[BlackClock "0:01:35"]

1. d4 Nf6 2. c4 e6 3. Nf3 d5 4. Nc3 Bb4 5. Qa4+ Nc6 6. e3 O-O 7. Bd2 a6 8. Rd1 Bd6 9. a3 dxc4 10. Qxc4 e5 11. dxe5 Nxe5 12. Nxe5 Bxe5 13. Be2 Be6 14. Qh4 Bb3 15. Rc1 Qd6 16. e4 Rad8 17. Be3 Rfe8 18. f3 Bd4 19. Qf2 Be5 20. Bc5 Qd2+ 21. Kf1 Qxc1+ 0-1


[Site "https://www.chess.com"]

[Event "Titled Tuesday Blitz December 13 Early 2022"]
[White "Kirillov, Dmitry"]
[Black "Kim, Sergey"]
[WhiteFideId "34180572"]
[BlackFideId "13700570"]
[WhiteElo "2111"]
[BlackElo "2577"]
[Result "0-1"]
[Round "10"]
[TimeControl "180+1"]
[Date "2022.12.14"]
[WhiteClock "0:00:01"]
[BlackClock "0:00:08"]

1. e4 e5 2. Nf3 Nc6 3. d4 exd4 4. c3 d3 5. Bxd3 d6 6. c4 Nf6 7. Nc3 Be7 8. h3 O-O 9. O-O Ne5 10. Bf4 Ng6 11. Bh2 Nd7 12. Qe2 Re8 13. Rad1 Bf8 14. Qc2 c6 15. b3 Qf6 16. Ne2 Nde5 17. Nxe5 dxe5 18. f4 exf4 19. Nxf4 Qg5 20. Nxg6 hxg6 21. Bf4 Qc5+ 22. Kh1 a5 23. Qe2 Qh5 24. Qf2 Bg4 25. Rde1 Bxh3 26. gxh3 Qxh3+ 27. Bh2 Qxd3 28. Qxf7+ Kh7 29. Rf3 Re7 30. Qxf8 Rxf8 31. Rxd3 Rf2 32. Red1 Rxe4 33. Rh3+ Kg8 34. Rd8+ Kf7 35. Rd7+ Re7 36. Rxe7+ Kxe7 37. a3 b5 38. c5 Rc2 39. b4 a4 40. Bd6+ Ke6 41. Rg3 Kf5 42. Rg2 Rc3 43. Ra2 g5 44. Kg2 g4 45. Bg3 Ke4 46. Re2+ Kd5 47. Re5+ Kc4 48. Re6 Rxa3 49. Rxc6 Ra2+ 50. Kg1 a3 51. Rg6 Rc2 52. c6 Kb3 53. c7 a2 54. Ra6 Rc3 55. Kg2 Rc2+ 56. Kf1 g5 57. Ra5 Kxb4 58. Ra6 Kb3 59. Bd6 b4 60. Ke1 g3 61. Kf1 g2+ 62. Kg1 g4 63. Be5 g3 64. Bxg3 Kb2 65. Bd6 b3 66. Be5+ Kb1 67. Rb6 b2 68. Rxb2+ Rxb2 69. c8=Q a1=Q 70. Bxb2 Qxb2 0-1


[Site "https://www.chess.com"]

[Event "Titled Tuesday Blitz December 13 Early 2022"]
[White "Klepikov, Nikita"]
[Black "Mitrovic, Darko R"]
[WhiteFideId "24145220"]
[BlackFideId "927023"]
[WhiteElo "2025"]
[BlackElo "2150"]
[Result "1-0"]
[Round "10"]
[TimeControl "180+1"]
[Date "2022.12.14"]
[WhiteClock "0:00:16"]
[BlackClock "0:00:01"]

1. e4 e6 2. d4 d5 3. Nc3 Bb4 4. Bd2 Nf6 5. e5 Nfd7 6. a3 Be7 7. f4 c5 8. Nf3 Nc6 9. Be3 cxd4 10. Nxd4 a6 11. Be2 Bc5 12. Na4 Qa5+ 13. c3 Nxd4 14. Bxd4 Bxd4 15. Qxd4 b5 16. Nc5 Qc7 17. Nxd7 Bxd7 18. O-O O-O 19. Bd3 Rac8 20. Rac1 Qc5 21. b4 Qxd4+ 22. cxd4 f6 23. exf6 gxf6 24. Rfe1 h6 25. Rc5 Kf7 26. Be2 Rxc5 27. bxc5 Ke7 28. Bg4 Rg8 29. Bxe6 Bxe6 30. f5 Rg4 31. Rxe6+ Kf7 32. Rxa6 Rxd4 33. Ra7+ Kg8 34. c6 Rc4 35. c7 d4 36. Ra8+ Kg7 37. c8=Q Rxc8 38. Rxc8 d3 39. Rd8 d2 40. Rd7+ Kg8 41. Rxd2 h5 42. Rb2 Kg7 43. Rxb5 h4 44. a4 Kh6 45. a5 Kg5 46. a6 Kg4 47. a7 h3 48. a8=Q hxg2 49. Qxg2+ 1-0


[Site "https://www.chess.com"]

[Event "Titled Tuesday Blitz December 13 Early 2022"]
[White "Koellner, Ruben Gideon"]
[Black "Santos Flores, Alberto"]
[WhiteFideId "12993093"]
[BlackFideId "3601234"]
[WhiteElo "2303"]
[BlackElo "2235"]
[Result "1-0"]
[Round "10"]
[TimeControl "180+1"]
[Date "2022.12.14"]
[WhiteClock "0:00:37"]
[BlackClock "0:00:11"]

1. d4 d5 2. Nf3 Nf6 3. Nbd2 Bf5 4. e3 c6 5. Ne5 Nfd7 6. g4 Bg6 7. Nxg6 hxg6 8. Bg2 e5 9. O-O Bd6 10. h3 Qe7 11. e4 exd4 12. exd5 O-O 13. Re1 Qf6 14. Ne4 Qe5 15. Ng5 Qh2+ 16. Kf1 Bb4 17. Qxd4 c5 18. Qe4 Nf6 19. Qf3 Qd6 20. c3 Ba5 21. Bf4 Qd7 22. Qg3 Na6 23. Qh4 Rfe8 24. Be5 1-0


[Site "https://www.chess.com"]

[Event "Titled Tuesday Blitz December 13 Early 2022"]
[White "Kopylov, Alexander A."]
[Black "Navara, David"]
[WhiteFideId "4164857"]
[BlackFideId "309095"]
[WhiteElo "2436"]
[BlackElo "2676"]
[Result "0-1"]
[Round "10"]
[TimeControl "180+1"]
[Date "2022.12.13"]
[WhiteClock "0:00:59"]
[BlackClock "0:00:03"]

1. e4 c5 2. Nf3 d6 3. Bb5+ Nd7 4. O-O a6 5. Bxd7+ Bxd7 6. h3 Nf6 7. e5 dxe5 8. Nxe5 Qc7 9. d4 cxd4 10. Qxd4 Rd8 11. Rd1 e6 12. Bf4 Bc5 13. Qd3 O-O 14. Ng6 Qb6 15. Nxf8 Bxf2+ 16. Kh1 Rxf8 17. Nc3 Bc6 18. Be5 Nd7 19. Bd4 Bxd4 20. Qxd4 Qxb2 21. Nd5 Qxd4 22. Ne7+ Kh8 23. Rxd4 Ne5 24. Nxc6 Nxc6 25. Rd7 b5 26. Rad1 g6 27. R1d6 Nb4 28. a3 Nxc2 29. Rxa6 b4 30. a4 Kg8 31. Rda7 e5 32. Ra8 e4 33. Rxf8+ Kxf8 34. Rb6 e3 35. Rb5 e2 36. Re5 Nd4 0-1


[Site "https://www.chess.com"]

[Event "Titled Tuesday Blitz December 13 Early 2022"]
[White "Kostiukov, Alexandr"]
[Black "Mkrtchian, Lilit"]
[WhiteFideId "14108100"]
[BlackFideId "13300601"]
[WhiteElo "2202"]
[BlackElo "2316"]
[Result "0-1"]
[Round "10"]
[TimeControl "180+1"]
[Date "2022.12.14"]
[WhiteClock "0:00:15"]
[BlackClock "0:00:06"]

1. g3 e5 2. c4 Nf6 3. Bg2 c6 4. Nf3 e4 5. Nd4 Qb6 6. Nc2 d5 7. cxd5 cxd5 8. O-O Be7 9. d3 O-O 10. Nc3 Rd8 11. Rb1 Nc6 12. Bf4 Bf5 13. d4 h6 14. h3 Rac8 15. g4 Be6 16. e3 Na5 17. f3 exf3 18. Qxf3 Nc4 19. Qe2 Qa5 20. b4 Qa6 21. Rfc1 Nd6 22. Qxa6 bxa6 23. Na4 Nde4 24. Nc5 Nc3 25. Bf1 Nxb1 26. Rxb1 a5 27. Ba6 Rc6 28. b5 Rxc5 29. dxc5 Bxc5 30. Nd4 h5 31. g5 Ne4 32. h4 Nc3 33. Rb3 Bxd4 34. exd4 Ne2+ 35. Kf2 Nxf4 36. Ra3 Bc8 37. Rxa5 Bxa6 38. Rxa6 Rd7 39. a4 Ne6 40. Ke3 Kf8 41. a5 Ke7 42. b6 axb6 43. axb6 Rb7 44. Ra7 Nd8 45. Kf4 Kd7 46. g6 fxg6 47. Kg5 Kc6 48. Rxb7 Kxb7 49. Kxg6 Ne6 50. Kf5 Nxd4+ 51. Ke5 Nf3+ 52. Kxd5 Nxh4 53. Ke5 Ng6+ 54. Kf5 h4 55. Kg4 Kxb6 0-1


[Site "https://www.chess.com"]

[Event "Titled Tuesday Blitz December 13 Early 2022"]
[White "Krzywda, Andrzej"]
[Black "Hrabinska, Myroslava"]
[WhiteFideId "1114565"]
[BlackFideId "14109190"]
[WhiteElo "2149"]
[BlackElo "2171"]
[Result "1-0"]
[Round "10"]
[TimeControl "180+1"]
[Date "2022.12.14"]
[WhiteClock "0:00:07"]
[BlackClock "0:00:02"]

1. Nf3 d5 2. g3 Nf6 3. Bg2 Bf5 4. c4 e6 5. Qb3 Nbd7 6. Qxb7 dxc4 7. Qa6 Rb8 8. Qxc4 Bd6 9. Nc3 O-O 10. O-O Rb4 11. Qa6 Qb8 12. e3 Nc5 13. Qe2 Bd3 14. Qd1 Bxf1 15. Bxf1 c6 16. Qc2 Rb6 17. b3 Nd5 18. Bb2 Nb4 19. Qb1 Be7 20. d4 Nd7 21. Qd1 c5 22. d5 Nxd5 23. Nxd5 exd5 24. Qxd5 Nf6 25. Qc4 Rb4 26. Qc2 Rd8 27. Bg2 c4 28. Bd4 cxb3 29. axb3 Rxb3 30. Bxa7 Qb4 31. Bd4 Rb8 32. Nd2 Qb5 33. Nxb3 Qxb3 34. Qxb3 Rxb3 35. Ra7 Bf8 36. Ra8 1-0


[Site "https://www.chess.com"]

[Event "Titled Tuesday Blitz December 13 Early 2022"]
[White "Kuchava, Ana"]
[Black "Bashirli, Saadat"]
[WhiteFideId "13605348"]
[BlackFideId "13429990"]
[WhiteElo "2001"]
[BlackElo "1408"]
[Result "0-1"]
[Round "10"]
[TimeControl "180+1"]
[Date "2022.12.14"]
[WhiteClock "0:00:04"]
[BlackClock "0:01:42"]

1. d4 d5 2. Nf3 e6 3. c4 c6 4. e3 dxc4 5. Bxc4 b5 6. Bd3 Nf6 7. O-O Bb7 8. Nc3 Nbd7 9. a3 Bd6 10. e4 e5 11. dxe5 Nxe5 12. Nxe5 Bxe5 13. Be3 O-O 14. f4 Bd4 15. Bxd4 Qxd4+ 16. Kh1 Rad8 17. Bc2 Qxd1 18. Raxd1 a6 19. e5 Ng4 20. Rde1 Rd2 21. Re2 Rxe2 22. Nxe2 Ne3 23. Rc1 Rd8 24. Be4 Nc4 25. h3 h6 26. b3 Nxa3 27. Bxc6 Bxc6 28. Rxc6 a5 29. Ra6 Rd2 30. Rxa5 Nc2 31. Nc3 b4 32. Ne4 Re2 33. Nd6 Ne3 34. Ra8+ Kh7 35. Nxf7 Nxg2 36. f5 g5 0-1


[Site "https://www.chess.com"]

[Event "Titled Tuesday Blitz December 13 Early 2022"]
[White "La Villa Rivas, Marlon Javier"]
[Black "Simonovic, Miroslav"]
[WhiteFideId "3519546"]
[BlackFideId "919152"]
[WhiteElo "2135"]
[BlackElo "2057"]
[Result "1-0"]
[Round "10"]
[TimeControl "180+1"]
[Date "2022.12.14"]
[WhiteClock "0:01:14"]
[BlackClock "0:00:02"]

1. e4 c5 2. Nf3 Nc6 3. d4 cxd4 4. Nxd4 a6 5. Nc3 e5 6. Nde2 Nf6 7. g3 Bb4 8. Bg2 O-O 9. O-O d6 10. Bg5 h6 11. Bxf6 Qxf6 12. Nd5 Qd8 13. c3 Bc5 14. Kh1 Be6 15. f4 f6 16. Nc1 Ne7 17. Nb3 Ba7 18. Qd3 Nxd5 19. exd5 Bd7 20. Nd2 Rc8 21. a4 Qb6 22. b4 Qe3 23. Qxe3 Bxe3 24. Ne4 exf4 25. gxf4 b5 26. Nxd6 Rxc3 27. axb5 Bxb5 28. Nxb5 axb5 29. d6 Rd8 30. Rfd1 Bxf4 31. d7 Rc7 32. Ra8 Rxa8 33. Bxa8 Rxd7 34. Rxd7 Be5 35. Bd5+ Kh7 36. Rb7 h5 37. Rxb5 h4 38. Kg2 Kh6 39. Rb7 g5 40. Be4 g4 41. b5 Kg5 42. b6 f5 43. Bd5 f4 44. Re7 f3+ 45. Bxf3 gxf3+ 46. Kxf3 Bxh2 47. b7 Bd6 48. Re8 h3 49. b8=Q Bxb8 50. Rxb8 h2 51. Rh8 h1=Q+ 52. Rxh1 1-0


[Site "https://www.chess.com"]

[Event "Titled Tuesday Blitz December 13 Early 2022"]
[White "Lacasa Diaz, Jose Antonio"]
[Black "Avazkhonov, Alikhon"]
[WhiteFideId "2203375"]
[BlackFideId "14208504"]
[WhiteElo "2338"]
[BlackElo "1739"]
[Result "1-0"]
[Round "10"]
[TimeControl "180+1"]
[Date "2022.12.14"]
[WhiteClock "0:01:28"]
[BlackClock "0:00:02"]

1. e4 c5 2. Nf3 d6 3. d4 cxd4 4. Nxd4 Nf6 5. Nc3 a6 6. Be3 e5 7. Nb3 Be6 8. Qd2 Be7 9. O-O-O O-O 10. f4 Nbd7 11. f5 Bxb3 12. cxb3 Nc5 13. Bxc5 dxc5 14. Qe2 Qc7 15. g4 Rad8 16. g5 Rxd1+ 17. Qxd1 Nd7 18. h4 Nb6 19. Bc4 Rd8 20. Nd5 Nxd5 21. Bxd5 g6 22. f6 Bf8 23. h5 c4 24. bxc4 Qb6 25. hxg6 hxg6 26. Kb1 Qe3 27. Qg4 Rxd5 28. cxd5 Qd3+ 29. Ka1 1-0


[Site "https://www.chess.com"]

[Event "Titled Tuesday Blitz December 13 Early 2022"]
[White "Larina, Maria"]
[Black "Akylbekov, Nasyr"]
[WhiteFideId "24113182"]
[BlackFideId "13800353"]
[WhiteElo "1848"]
[BlackElo "2310"]
[Result "0-1"]
[Round "10"]
[TimeControl "180+1"]
[Date "2022.12.14"]
[WhiteClock "0:00:13"]
[BlackClock "0:00:19"]

1. e4 e5 2. Nf3 f6 3. Bc4 d6 4. d4 Qe7 5. O-O Be6 6. Bxe6 Qxe6 7. Nc3 Nd7 8. d5 Qf7 9. Nb5 Nc5 10. Re1 a6 11. Na3 Ne7 12. b4 Nd7 13. c4 Ng6 14. Bb2 Be7 15. Nc2 O-O 16. Bc1 f5 17. exf5 Qxf5 18. Ne3 Qh5 19. Nf1 Rxf3 20. Qxf3 Qxf3 21. gxf3 Nh4 22. Nd2 Bg5 23. Kh1 Bxd2 24. Bxd2 Nxf3 25. Re2 Nb6 26. Rc1 Rf8 27. Be3 Rf6 28. Bxb6 cxb6 29. c5 bxc5 30. bxc5 dxc5 31. Rxc5 Rg6 32. Rc1 Kf7 33. Re3 Ng5 34. Rxe5 Nh3 35. Rf5+ Ke7 36. Rf3 Ng5 37. Re3+ Kd6 38. Rd1 Kd7 39. f4 Nf7 40. f5 Rf6 41. Rde1 Rxf5 42. R3e2 Kd6 43. Re7 Kxd5 44. Rxb7 g5 45. Rb6 Rf2 46. Rxa6 g4 47. Ra5+ Kd6 48. Kg1 Rb2 49. Ra6+ Kd5 50. a4 Ra2 51. Ra5+ Kd6 52. Rf5 Nh8 53. Rf6+ Kd5 54. Rf8 Ng6 55. Rd8+ Kc6 56. Rc1+ Kb7 57. Rd4 Nh4 58. Rb4+ Ka6 59. Rxg4 Nf3+ 60. Kf1 Nxh2+ 61. Kg1 Nxg4 62. Rc6+ Ka5 63. Rc7 h6 64. Ra7+ Kb4 65. Rg7 Ne5 66. Rh7 Nf3+ 67. Kf1 Rh2 68. Rf7 Ng5 69. Rf4+ Ka5 70. Kg1 Nh3+ 71. Kxh2 Nxf4 72. Kg3 Ne6 73. Kg4 Ng7 74. Kf4 Kxa4 75. Kg3 Kb5 76. Kh4 Kc5 77. Kg3 Kd5 78. Kh4 Ke5 79. Kg3 Kf5 80. Kh4 Kf4 81. Kh3 Kg5 82. Kh2 h5 83. Kg3 h4+ 84. Kh3 Kh5 85. Kh2 Kg4 86. Kg2 Nf5 87. Kh2 h3 88. Kh1 Kg3 89. Kg1 Nh6 90. Kh1 Ng4 91. Kg1 h2+ 92. Kh1 Nf2# 0-1


[Site "https://www.chess.com"]

[Event "Titled Tuesday Blitz December 13 Early 2022"]
[White "Lauridsen, Jesper Morch"]
[Black "Khamdamova, Afruza"]
[WhiteFideId "1401890"]
[BlackFideId "14210444"]
[WhiteElo "2286"]
[BlackElo "2018"]
[Result "0-1"]
[Round "10"]
[TimeControl "180+1"]
[Date "2022.12.14"]
[WhiteClock "0:01:48"]
[BlackClock "0:02:09"]

1. e4 e5 2. f4 exf4 3. Nf3 Ne7 4. d4 d5 5. exd5 Nxd5 6. c4 Bb4+ 7. Kf2 Ne3 8. Bxe3 fxe3+ 9. Kxe3 O-O 10. Bd3 Bg4 11. Kf2 Bxf3 12. gxf3 Qxd4+ 13. Kg2 Qxb2+ 14. Qc2 Qxa1 15. Bxh7+ Kh8 16. Qf5 Qf6 17. Qh3 Qh6 0-1


[Site "https://www.chess.com"]

[Event "Titled Tuesday Blitz December 13 Early 2022"]
[White "Lawson, Eric"]
[Black "Bogaudinov, Rushan"]
[WhiteFideId "2604116"]
[BlackFideId "4129288"]
[WhiteElo "2511"]
[BlackElo "2028"]
[Result "0-1"]
[Round "10"]
[TimeControl "180+1"]
[Date "2022.12.14"]
[WhiteClock "0:01:07"]
[BlackClock "0:00:30"]

1. e3 g6 2. b3 Bg7 3. d4 c5 4. c3 e6 5. h4 h6 6. h5 g5 7. Bd3 cxd4 8. cxd4 Nc6 9. Ba3 Nge7 10. Ne2 a6 11. Nbc3 O-O 12. Bd6 b5 13. a4 Bb7 14. axb5 axb5 15. Nxb5 f5 16. O-O Rxa1 17. Qxa1 Nb4 18. Bxb4 Bf6 19. Qa7 Bc6 20. Qc5 Qe8 21. Ng3 f4 22. Ne4 Qxh5 23. Nxf6+ Rxf6 24. Qxe7 Bxg2 25. f3 Bxf3 26. Qxf6 Qg4+ 27. Kf2 Qg3# 0-1


[Site "https://www.chess.com"]

[Event "Titled Tuesday Blitz December 13 Early 2022"]
[White "Lenderman, Aleksandr"]
[Black "Avinash, Ramesh"]
[WhiteFideId "2021285"]
[BlackFideId "45018340"]
[WhiteElo "2607"]
[BlackElo "2264"]
[Result "1/2-1/2"]
[Round "10"]
[TimeControl "180+1"]
[Date "2022.12.13"]
[WhiteClock "0:00:07"]
[BlackClock "0:00:14"]

1. d4 Nf6 2. c4 g6 3. Nc3 d5 4. Bg5 Bg7 5. Nf3 Ne4 6. Bf4 Nxc3 7. bxc3 dxc4 8. Qa4+ Nd7 9. Qxc4 c5 10. e3 O-O 11. Be2 b6 12. O-O Bb7 13. Rfd1 cxd4 14. cxd4 Rc8 15. Qa4 a6 16. Rac1 b5 17. Qa3 Nf6 18. Ne5 Nd5 19. Bg3 b4 20. Qb2 a5 21. Bf3 Ba8 22. Rxc8 Qxc8 23. Rc1 Nc3 24. Bxa8 Qxa8 25. a3 Rc8 26. Ra1 Qb7 27. h3 Ne4 28. Bf4 b3 29. Rb1 a4 30. Nd3 Qb5 31. Nb4 Qc4 32. Re1 Qc3 33. Qxc3 Nxc3 34. Nd3 Nb5 35. Ra1 Rc2 36. g4 Ra2 37. Rc1 Rc2 38. Rxc2 bxc2 39. Kf1 Nxa3 40. Ke2 Nc4 41. Nc1 e5 42. dxe5 Bxe5 43. Kd3 Bxf4 44. Kxc4 Bd6 45. Kd3 Kg7 46. Kxc2 Kf6 47. f4 g5 48. Ne2 a3 49. Kb3 h6 50. Ka2 Ke6 51. Nd4+ Kd5 52. Nf5 Bf8 53. fxg5 hxg5 54. h4 gxh4 55. Nxh4 Ke4 56. Nf5 Kf3 57. g5 Kg4 58. Nh6+ Kxg5 59. Nxf7+ Kf6 60. Nd8 Ke5 61. Nc6+ Ke4 62. Na5 Kd3 63. e4 Kxe4 64. Nc4 Kd3 65. Nxa3 1/2-1/2


[Site "https://www.chess.com"]

[Event "Titled Tuesday Blitz December 13 Early 2022"]
[White "Levine, David"]
[Black "Torres Cueto, Jesus Marcial"]
[WhiteFideId "2011611"]
[BlackFideId "4415280"]
[WhiteElo "2143"]
[BlackElo "2022"]
[Result "0-1"]
[Round "10"]
[TimeControl "180+1"]
[Date "2022.12.14"]
[WhiteClock "0:00:03"]
[BlackClock "0:00:20"]

1. d4 Nf6 2. c4 e6 3. g3 d5 4. Bg2 Be7 5. Nf3 O-O 6. O-O Nbd7 7. Qc2 c6 8. Nbd2 b6 9. e4 dxe4 10. Nxe4 Nxe4 11. Qxe4 Bb7 12. Rd1 Nf6 13. Qc2 Qc7 14. c5 Rfd8 15. Bf4 Qc8 16. Ne5 Nd5 17. Bd2 bxc5 18. dxc5 Bf6 19. Nc4 Qc7 20. Nd6 Ba6 21. Rab1 Rab8 22. b4 Be5 23. Be4 g6 24. Nc4 Bg7 25. a3 h5 26. h4 Bd4 27. Bg5 Qxg3+ 28. Bg2 Bxc4 29. Rxd4 Qe5 30. Rxc4 Nf6 31. Qb2 Rd1+ 32. Bf1 Qxb2 33. Rxb2 Ng4 34. Be7 Re8 35. Bd6 e5 36. Kg2 e4 37. Be2 Re1 38. Bf4 Nf6 39. b5 cxb5 40. Rxb5 Rxe2 41. Be3 Nd5 42. Kf1 Rxe3 43. c6 Rd3 44. c7 Nxc7 45. Rxc7 e3 46. fxe3 Rdxe3 47. Rbb7 Rf3+ 48. Kg2 Rf4 49. Kg3 Rf5 50. Rxa7 Re4 0-1


[Site "https://www.chess.com"]

[Event "Titled Tuesday Blitz December 13 Early 2022"]
[White "Lewtak, Damian"]
[Black "Rakhmanov, Aleksandr"]
[WhiteFideId "1141724"]
[BlackFideId "4173708"]
[WhiteElo "2330"]
[BlackElo "2530"]
[Result "0-1"]
[Round "10"]
[TimeControl "180+1"]
[Date "2022.12.13"]
[WhiteClock "0:01:45"]
[BlackClock "0:02:24"]

1. e4 c5 2. Nf3 Nf6 3. e5 Nd5 4. Nc3 Nxc3 5. dxc3 Nc6 6. Bf4 Qb6 7. b3 Qc7 8. Qd2 e6 9. h4 h6 10. h5 b6 11. O-O-O a6 12. Bd3 b5 13. c4 bxc4 14. Bxc4 Na5 15. Qc3 Nxc4 16. Qxc4 a5 17. Nd2 a4 18. Ne4 axb3 19. axb3 Bb7 20. Kb2 Be7 21. Ra1 O-O 22. g3 Bd5 23. Qe2 c4 24. Nc3 Bxh1 0-1


[Site "https://www.chess.com"]